 Dungeon Crawl Stone Soup version 0.30-a0-341-g682706514a (webtiles) character file.

Game seed: 9264707945545355167

3748 bande the Cleaver (level 10, -7/61 HPs)
             Began as a Gargoyle Fighter on Nov 2, 2022.
             Was a Follower of Okawaru.
             Mangled by a two-headed ogre
             ... wielding a +0 giant club
              (13 damage)
             ... on level 7 of the Dungeon.
             The game lasted 00:13:54 (7891 turns).

bande the Cleaver (Gargoyle Fighter)                Turns: 7891, Time: 00:13:54

Health: -7/61      AC: 22    Str: 19    XL:     10   Next: 15%
Magic:  12/12      EV:  5    Int: 10    God:    Okawaru [*.....]
Gold:   1109       SH: 10    Dex: 13    Spells: 9/9 levels left

rFire   . . .      SeeInvis .    a - +1 war axe
rCold   . . .      Faith    .    c - +0 buckler
rNeg    + . .      Spirit   .    e - +0 plate armour
rPois   ∞          Reflect  +    (no helmet)
rElec   +          Harm     .    t - +0 cloak
rCorr   .          Rampage  .    H - +0 pair of gloves
Will    +....                    (no boots)
Stlth   ..........               q - amulet of reflection
HPRegen 0.30/turn                m - ring of willpower
MPRegen 0.13/turn                (no ring)

@: no status effects
A: sickness immunity, AC +7, negative energy resistance 1, electricity
resistance, torment resistance 1, petrification resistance
a: Renounce Religion, Heroism


You were on level 7 of the Dungeon.
You worshipped Okawaru.
Okawaru was aware of your devotion.
You visited 2 branches of the dungeon, and saw 8 of its levels.
You also visited: Ossuary.

You collected 1439 gold pieces.
You spent 330 gold pieces at shops.

Inventory:

Hand Weapons
 a - a +1 war axe (weapon)
 h - a +0 flail
Missiles
 F - a throwing net (quivered)
Armour
 c - a +0 buckler (worn)
 e - a +0 plate armour (worn)
 t - a +0 cloak (worn)
 H - a +0 pair of gloves (worn)
Jewellery
 m - a ring of willpower (left hand)
 q - an amulet of reflection (around neck)
 y - an amulet of the acrobat
 I - a +4 ring of evasion
Wands
 k - a wand of paralysis (10)
 s - a wand of acid (7)
 B - a wand of digging (2)
 J - a wand of flame (19)
Scrolls
 i - 2 scrolls of blinking
 l - a scroll of amnesia
 v - 3 scrolls of enchant armour {unknown}
 w - a scroll of magic mapping
 x - 2 scrolls of butterflies {unknown}
 z - a scroll of enchant weapon
 A - a scroll of poison {unknown}
 D - a scroll of teleportation {unknown}
 G - a scroll of immolation {unknown}
 K - a scroll of identify
Potions
 b - 3 potions of heal wounds
 d - 5 potions of might
 f - 3 potions of curing {unknown}
 g - a potion of magic
 j - 2 potions of flight {unknown}
 n - 3 potions of mutation {unknown}
 o - 6 potions of brilliance
 p - a potion of berserk rage {unknown}
 r - a potion of lignification {unknown}
 u - 3 potions of haste {unknown}
 C - a potion of cancellation {unknown}
 E - a potion of ambrosia {unknown}


   Skills:
 + Level 6.3 Fighting
 + Level 8.6 Axes
 + Level 6.5 Armour
 + Level 6.4 Shields
 * Level 2.8 Invocations
 * Level 5.3 Evocations


You had 9 spell levels left.
You didn't know any spells.
Your spell library contained the following spells:

 Spells                   Type           Power      Damage    Failure   Level
 Beastly Appendage        Tmut           0%         N/A       100%        1
 Wereblood                Tmut           0%         N/A       100%        2
 Ignite Poison            Fire/Tmut/Pois 0%         N/A       100%        3
 Kindle Blastsparks       Fire/Tloc/Air  0%         2d10      100%        3
 Spider Form              Tmut/Pois      0%         N/A       100%        3
 Dispel Undead            Necr           0%         3d6       100%        4
 Freezing Cloud           Conj/Ice/Air   0%         6-21      100%        5
 Cigotuvi's Dreadful Rot  Necr/Pois/Air  Unusable   N/A       N/A         2
 Death Channel            Necr           Unusable   N/A       N/A         6

Dungeon Overview and Level Annotations

Branches:
Dungeon (7/15)             Temple (1/1) D:5         Ossuary (visited)

Altars:
Ashenzari
Cheibriados
Dithmenos
Elyvilon
Fedhas
Gozag
Hepliaklqana
Kikubaaqudgha
Makhleb
Nemelex Xobeh
Okawaru
Qazlal
Ru
Sif Muna
Trog
Vehumet
Wu Jian
Yredelemnul
Zin
The Shining One

Shops:
D:3 =

Annotations:
D:3 Natasha


Innate Abilities, Weirdness & Mutations

You are immune to sickness and miasma.
Your stone body is resilient. (AC +7)
You are immune to poison.
You resist negative energy. (rN+)
You are resistant to electric shocks. (rElec)
You are resistant to unholy torment.
You are immune to petrification.


Message History

There is an open door here.
You open the door.
A two-headed ogre comes into view.
It is wielding a +0 giant club and a +0 giant spiked club.
The two-headed ogre shouts in stereo!
A two-headed ogre is nearby!
There is an open door here.
You hit the two-headed ogre.
The two-headed ogre is lightly wounded.
The two-headed ogre hits you with a +0 giant club.
The two-headed ogre hits you with a +0 giant spiked club!
You slash the two-headed ogre!
The two-headed ogre is lightly wounded.
The two-headed ogre barely misses you.
The two-headed ogre hits you but does no damage.
You barely miss the two-headed ogre.
The two-headed ogre is lightly wounded.
You slash the two-headed ogre!
The two-headed ogre is moderately wounded.
The two-headed ogre hits you with a +0 giant club!
The two-headed ogre hits you with a +0 giant spiked club.
You slash the two-headed ogre!
The two-headed ogre is heavily wounded.
The two-headed ogre hits you with a +0 giant club!
The two-headed ogre hits you but does no damage.
You barely miss the two-headed ogre.
The two-headed ogre is heavily wounded.
You block the two-headed ogre's attack.
The two-headed ogre hits you with a +0 giant spiked club!
* * * LOW HITPOINT WARNING * * *
You hit the two-headed ogre.
The two-headed ogre is heavily wounded.
You hit the two-headed ogre.
The two-headed ogre is severely wounded.
The two-headed ogre hits you with a +0 giant club!
* * * LOW HITPOINT WARNING * * *
You block the two-headed ogre's attack.
You hit the two-headed ogre.
The two-headed ogre is severely wounded.
The two-headed ogre hits you with a +0 giant club!
You die...

#...'..#########'##
#...#............##
#..######........##
#..##..##.........#
#......#...........
#......##...##.~###
#......###+###..##
##'###............#
#..@.#..##........#
#..O.#####........#
#....# #.........#
#....# ##...#..###
#....# #######..
#....# ... ######
.... .... ...


You could see a two-headed ogre.

Vanquished Creatures
  Pikel (D:5)
  Grinder (D:6)
  Prince Ribbit (D:6)
  A wyvern (D:7)
  Eustachio (D:5)
  Menkaure (D:6)
  2 water moccasins (D:7)
  A hornet zombie (Ossuary)
  2 ogres (D:5)
  A sky beast (D:7)
  A phantom (D:6)
  4 lemures (D:5)
  A kobold brigand (D:7)
  A bullfrog (D:6)
  4 scorpions
  3 water moccasin zombies (Ossuary)
  A wyvern zombie (Ossuary)
  An elf skeleton (D:4)
  2 howler monkeys
  5 bullfrog zombies (Ossuary)
  A centaur zombie (Ossuary)
  2 jellies
  A hound (D:4)
  A human zombie (D:4)
  2 orc priests (D:4)
  12 mummies (Ossuary)
  2 human skeletons (D:4)
  An iguana (D:4)
  2 orc wizards
  Natasha (D:3)
  A killer bee zombie (Ossuary)
  7 howler monkey zombies (Ossuary)
  12 adders
  A shadow imp (D:6)
  An ufetubus (D:5)
  A worm (D:4)
  5 dart slugs
  26 orcs
  8 endoplasms
  2 giant cockroaches
  6 goblins
  10 hobgoblins
  4 quokkas
  8 ball pythons
  5 bats
  7 frilled lizards
  12 kobolds
  2 orc skeletons (D:4)
  4 rats
182 creatures vanquished.

Vanquished Creatures (others)
  Natasha (D:3)
  6 withered plants (Ossuary)
7 creatures vanquished.

Grand Total: 189 creatures vanquished

Notes
Turn   | Place    | Note
-------+----------+-------------------------------------------
     0 | D:1      | bande the Gargoyle Fighter began the quest for the Orb.
     0 | D:1      | Reached XP level 1. HP: 14/14 MP: 1/1
    61 | D:1      | Reached XP level 2. HP: 19/19 MP: 2/2
   396 | D:1      | Reached skill level 2 in Axes
   412 | D:1      | Reached XP level 3. HP: 24/24 MP: 3/3
  1046 | D:2      | Identified a scroll of acquirement
  1046 | D:2      | Acquired 1068 gold pieces
  1124 | D:2      | Found an ornate altar of the Wu Jian Council.
  1174 | D:2      | Reached XP level 4. HP: 25/29 MP: 4/4
  1578 | D:3      | Found Otwawn's Jewellery Emporium.
  1603 | D:3      | Bought an amulet of reflection for 330 gold pieces
  1653 | D:3      | Noticed Natasha
  1659 | D:3      | Killed Natasha
  1660 | D:3      | Reached skill level 3 in Axes
  1826 | D:3      | Noticed Natasha
  1832 | D:3      | Killed Natasha
  1833 | D:3      | Reached XP level 5. HP: 30/33 MP: 5/5
  2307 | D:3      | Noticed Natasha
  2433 | D:4      | Reached skill level 1 in Evocations
  2457 | D:4      | Reached XP level 6. HP: 25/38 MP: 6/6
  2618 | D:4      | Reached skill level 4 in Axes
  2973 | D:4      | Reached XP level 7. HP: 43/43 MP: 7/7
  2988 | D:4      | Found a sand-covered staircase.
  2995 | Ossuary  | Entered an ossuary
  3036 | Ossuary  | Reached skill level 5 in Axes
  3298 | Ossuary  | Reached XP level 8. HP: 48/48 MP: 8/8
  3392 | Ossuary  | Reached skill level 5 in Armour
  3397 | Ossuary  | Reached skill level 6 in Axes
  3574 | Ossuary  | Reached skill level 5 in Shields
  3733 | Ossuary  | Reached skill level 5 in Fighting
  4248 | D:5      | Entered Level 5 of the Dungeon
  4639 | D:5      | Reached skill level 7 in Axes
  4639 | D:5      | Reached XP level 9. HP: 27/54 MP: 9/9
  4960 | D:5      | Noticed Pikel
  4994 | D:5      | Killed Pikel
  5413 | D:5      | Found a staircase to the Ecumenical Temple.
  5413 | D:5      | Noticed Eustachio
  5452 | D:5      | Killed Eustachio
  5585 | Temple   | Entered the Ecumenical Temple
  5756 | Temple   | Became a worshipper of Warmaster Okawaru
  5901 | D:5      | Found a hazy altar of Hepliaklqana.
  5908 | D:5      | Found a sacrificial altar of Ru.
  6035 | D:6      | Found a radiant altar of Vehumet.
  6109 | D:6      | Noticed Prince Ribbit
  6131 | D:6      | Killed Prince Ribbit
  6346 | D:6      | Reached skill level 1 in Invocations
  6431 | D:6      | Noticed Grinder
  6438 | D:6      | Paralysed by Grinder for 2 turns
  6438 | D:6      | Noticed Menkaure
  6454 | D:6      | Killed Menkaure
  6454 | D:6      | Killed Grinder
  6455 | D:6      | Reached skill level 8 in Axes
  6752 | D:6      | Reached * piety under Okawaru
  6753 | D:6      | Reached skill level 5 in Evocations
  6816 | D:6      | Found an ancient bone altar of Kikubaaqudgha.
  7346 | D:7      | Reached XP level 10. HP: 41/60 MP: 11/11
  7879 | D:7      | Noticed a two-headed ogre
  7891 | D:7      | Mangled by a two-headed ogre

Illustrated notes

Levels and vault maps discovered:
D:1:      lightli_molten_gateway, layout_basic
D:2:      layout_rooms, basic_altar, minmay_hedge_maze
D:3:      layout_loops_corners, serial_shops, nicolae_diamond_shop, uniq_natasha
D:4:      layout_loops_ring, nicolae_ossuary_entry_catacombs
D:5:      layout_cave_pools, mainiacjoe_overflow_big_doors, temple_pool_b,
          uniq_pikel, uniq_eustachio
D:6:      layout_cave_pods, marbit_many_paths, lemuel_coloured_pillars_altar,
          uniq_menkaure, uniq_grinder, uniq_prince_ribbit1
D:7:      layout_gridville, serial_shops, shop, nicolae_figureground_pulse
Temple:   hc_temple_tempest_star

Skill      XL: |  1  2  3  4  5  6  7  8  9 |
---------------+----------------------------+-----
Axes           | 2 3 4 5 7 8 |  8.6
Armour         | 4 5 6 |  6.5
Fighting       | 4 5 6 |  6.3
Evocations     | 1 2 4 5 |  5.3
Shields        | 4 5 6 |  6.4
Invocations    | 2 |  2.8

Action                   |  1- 3 |  4- 6 |  7- 9 | 10-12 || total
-------------------------+-------+-------+-------+-------++-------
Melee: War axe           |   126 |   167 |   423 |    74 ||   790
  Use: Scroll            |     8 |     3 |     1 |       ||    12
       Potion            |       |       |     1 |       ||     1
Armor: Scale mail        |    83 |    40 |       |       ||   123
       Plate armour      |       |    74 |   261 |    38 ||   373
Dodge: Dodged            |    61 |    38 |    96 |     9 ||   204
Block: Buckler           |    32 |    70 |   235 |    33 ||   370
       Reflection        |       |     1 |     6 |       ||     7

Table legend: (Time is in decaauts)
 A = Elapsed time spent in this place.
 B = Non-inter-level travel time spent in this place.
 C = Inter-level travel time spent in this place.
 D = Time resting spent in this place.
 E = Time spent auto-exploring this place.
 F = Levels seen in this place.
 G = Mean time per level.
                   A        B        C        D        E       F      G
               +--------+--------+--------+--------+--------+-----+--------+
         Total |   8127 |   8002 |    125 |   1582 |   4409 |   9 |  903.0 |
       Dungeon |   6891 |   6808 |     83 |   1214 |   4005 |   7 |  984.4 |
        Temple |    224 |    182 |     42 |      0 |    143 |   1 |  224.0 |
       Ossuary |   1010 |   1010 |      0 |    368 |    260 |   1 | 1010.0 |
               +--------+--------+--------+--------+--------+-----+--------+

Top non-repeatable levels by time:
     D:6: 1298 daAuts
     D:4: 1250 daAuts
     D:5: 1182 daAuts
 Ossuary: 1010 daAuts
     D:1: 934 daAuts
     D:3: 851 daAuts
     D:2: 701 daAuts
     D:7: 673 daAuts
  Temple: 224 daAuts
